[Event "Titled Tuesday Blitz June 21 Late 2022"]
[White "Senthilkumar, Pranav"]
[Black "Burke, Paul"]
[WhiteFideId "2083477"]
[BlackFideId "2605767"]
[WhiteElo "2443"]
[BlackElo "2011"]
[Result "1-0"]
[Round "02"]
[TimeControl "180+1"]
[Date "2022.06.22"]
[WhiteClock "0:02:34"]
[BlackClock "0:01:51"]

1. Nf3 a6 2. g3 d6 3. Bg2 g6 4. O-O Nd7 5. d4 Bg7 6. c4 h6 7. Nc3 e6 8. e4 Ne7 9. e5 O-O 10. exd6 cxd6 11. d5 e5 12. Ne4 Nf6 13. Nxf6+ Bxf6 14. Bxh6 Bg7 15. Bxg7 Kxg7 16. c5 e4 17. cxd6 exf3 18. dxe7 fxg2 19. exd8=Q gxf1=Q+ 20. Qxf1 Rxd8 21. Rd1 Bf5 22. Qc4 Rac8 23. Qd4+ Kh7 24. d6 Rd7 25. Kg2 Rcd8 26. Qf6 Be6 27. Rd4 Rxd6 28. Rh4+ 1-0


[Site "https://www.chess.com"]

[Event "Titled Tuesday Blitz June 21 Late 2022"]
[White "Sernecki, Franciszek"]
[Black "Abdrlauf, Elham"]
[WhiteFideId "1169297"]
[BlackFideId "1533533"]
[WhiteElo "2168"]
[BlackElo "2403"]
[Result "1-0"]
[Round "02"]
[TimeControl "180+1"]
[Date "2022.06.22"]
[WhiteClock "0:00:02"]
[BlackClock "0:00:02"]

1. d4 Nf6 2. c4 e6 3. Nf3 c5 4. e3 cxd4 5. exd4 d5 6. Nc3 Nc6 7. a3 Be7 8. c5 O-O 9. Bd3 Re8 10. O-O a6 11. h3 Bd7 12. Bf4 b6 13. b4 bxc5 14. bxc5 Bf8 15. Qc2 Qc8 16. Rab1 Nxd4 17. Nxd4 e5 18. c6 Bxc6 19. Nxc6 Qxc6 20. Bg5 e4 21. Nxe4 Qxc2 22. Nxf6+ gxf6 23. Bxc2 fxg5 24. Rfd1 Rad8 25. Rb6 Re6 26. Rxe6 fxe6 27. a4 Rc8 28. Bd3 a5 29. Bb5 Kf7 30. Re1 Rc7 31. g3 Bd6 32. Re2 h6 33. Kg2 e5 34. Kf3 e4+ 35. Kg4 Kg6 36. Be8+ Kf6 37. f3 Re7 38. Bc6 Ke5 39. fxe4 d4 40. Bb5 Bb4 41. Kf3 Rf7+ 42. Kg2 Rc7 43. Kf3 Rc3+ 44. Kg4 d3 45. Rd2 Kxe4 46. Kh5 Ke3 47. Rd1 1-0


[Site "https://www.chess.com"]

[Event "Titled Tuesday Blitz June 21 Late 2022"]
[White "Shimanov, Aleksandr"]
[Black "Boder, Jan"]
[WhiteFideId "4198603"]
[BlackFideId "16243226"]
[WhiteElo "2605"]
[BlackElo "2064"]
[Result "1-0"]
[Round "02"]
[TimeControl "180+1"]
[Date "2022.06.22"]
[WhiteClock "0:02:19"]
[BlackClock "0:00:21"]

1. e4 e5 2. Nf3 Nc6 3. Bb5 a6 4. Ba4 Nf6 5. Nc3 b5 6. Bb3 d6 7. Ng5 Be6 8. Nxe6 fxe6 9. Bxe6 Nd4 10. Bh3 Be7 11. O-O O-O 12. d3 c6 13. Ne2 d5 14. Nxd4 exd4 15. e5 Nd7 16. f4 c5 17. Qe2 c4 18. Be6+ Kh8 19. Bxd5 Nc5 20. Bxa8 Qxa8 21. f5 cxd3 22. cxd3 Qd5 23. f6 gxf6 24. Bh6 Rg8 25. exf6 Nxd3 26. fxe7 Ne5 27. Rae1 Ng4 28. e8=Q Ne3 29. Bxe3 Qd6 1-0


[Site "https://www.chess.com"]

[Event "Titled Tuesday Blitz June 21 Late 2022"]
[White "Sibilio, Mario"]
[Black "Korchmar, Vasiliy"]
[WhiteFideId "800422"]
[BlackFideId "24131750"]
[WhiteElo "2296"]
[BlackElo "2370"]
[Result "0-1"]
[Round "02"]
[TimeControl "180+1"]
[Date "2022.06.22"]
[WhiteClock "0:00:04"]
[BlackClock "0:00:52"]

1. d4 d5 2. Nf3 Nf6 3. c4 c6 4. Nc3 e6 5. Bg5 Be7 6. e3 Nbd7 7. Rc1 O-O 8. Qc2 Ne4 9. Bxe7 Qxe7 10. a3 Nxc3 11. Qxc3 a5 12. Bd3 dxc4 13. Bxc4 b5 14. Ba2 b4 15. Qd3 e5 16. Bb1 g6 17. O-O Ba6 18. Qe4 Bxf1 19. Kxf1 bxa3 20. bxa3 Qxa3 21. Rxc6 exd4 22. Nxd4 Qb4 23. Bd3 a4 24. Qd5 Nb6 25. Qa2 a3 26. Bxg6 hxg6 27. Rxg6+ Kh7 28. Rf6 Qc4+ 0-1


[Site "https://www.chess.com"]

[Event "Titled Tuesday Blitz June 21 Late 2022"]
[White "Silvestre, Christian"]
[Black "Bachmann, Axel"]
[WhiteFideId "30956269"]
[BlackFideId "3700488"]
[WhiteElo "2411"]
[BlackElo "2587"]
[Result "1-0"]
[Round "02"]
[TimeControl "180+1"]
[Date "2022.06.22"]
[WhiteClock "0:00:58"]
[BlackClock "0:00:20"]

1. Nf3 Nf6 2. d4 g6 3. g3 Bg7 4. Bg2 O-O 5. O-O d5 6. b3 c6 7. Bb2 Nbd7 8. h3 Re8 9. Nbd2 Ne4 10. Rb1 f5 11. c4 e6 12. e3 Ndf6 13. Ne1 Qa5 14. Nxe4 Nxe4 15. a3 Bd7 16. Nd3 Qd2 17. c5 Qxd1 18. Rfxd1 a5 19. Kh2 g5 20. f3 Nf6 21. Ne5 Re7 22. Bf1 Be8 23. Bd3 Nd7 24. f4 gxf4 25. gxf4 Nxe5 26. dxe5 Bh6 27. Rg1+ Rg7 28. Bc3 Bh5 29. Rxg7+ Kxg7 30. Rg1+ Kf7 31. Ra1 1-0


[Site "https://www.chess.com"]

[Event "Titled Tuesday Blitz June 21 Late 2022"]
[White "Sjugirov, Sanan"]
[Black "Dauner, Benedikt"]
[WhiteFideId "4189302"]
[BlackFideId "16225899"]
[WhiteElo "2602"]
[BlackElo "2230"]
[Result "1-0"]
[Round "02"]
[TimeControl "180+1"]
[Date "2022.06.21"]
[WhiteClock "0:00:08"]
[BlackClock "0:00:05"]

1. e4 b6 2. d4 Bb7 3. Bd3 e6 4. Nf3 Nf6 5. Qe2 d5 6. exd5 Qxd5 7. Nc3 Bb4 8. O-O Bxc3 9. bxc3 Qh5 10. Ne5 Qxe2 11. Bxe2 Nbd7 12. Nxd7 Nxd7 13. Bf4 Rc8 14. a4 a5 15. c4 f6 16. Rfb1 Ba6 17. Re1 Kf7 18. d5 Rhe8 19. Bg4 Nc5 20. Be3 f5 21. dxe6+ Nxe6 22. Bxf5 Bxc4 23. f4 g6 24. Bg4 Rcd8 25. f5 Ng7 26. fxg6+ Kxg6 27. Bf4 Be6 28. Bf3 Rd7 29. Bc6 Rf8 30. Bxd7 Bxd7 31. Bxc7 Rc8 32. Bxb6 Rxc2 33. Rf1 Bc6 34. Rf2 Rc4 35. Bxa5 Bxa4 36. h3 Bc6 37. Ra3 Nf5 38. Kh2 h5 39. Bd2 h4 40. Ra5 Ng3 41. Rg5+ Kh7 42. Rg4 Rxg4 43. hxg4 Kg6 44. Be1 Bd7 45. Kh3 Kg5 46. Bd2+ Kg6 47. Kxh4 Ne4 48. Re2 Ng5 49. Bxg5 Bb5 50. Rf2 Bd3 51. Rf6+ Kg7 52. Rd6 Bg6 53. Bf6+ Kh7 54. Kg5 Bf7 55. Rd8 Bg8 56. Rb8 1-0


[Site "https://www.chess.com"]

[Event "Titled Tuesday Blitz June 21 Late 2022"]
[White "So, Wesley"]
[Black "Jaracz, Pawel"]
[WhiteFideId "5202213"]
[BlackFideId "1102222"]
[WhiteElo "2742"]
[BlackElo "2459"]
[Result "1-0"]
[Round "02"]
[TimeControl "180+1"]
[Date "2022.06.21"]
[WhiteClock "0:00:45"]
[BlackClock "0:00:01"]

1. e4 e5 2. Nf3 Nc6 3. Bc4 Bc5 4. c3 Nf6 5. d3 d6 6. O-O Bb6 7. Bg5 h6 8. Bh4 g5 9. Bg3 Bg4 10. Nbd2 Nh5 11. Kh1 Nf4 12. a4 a5 13. Bb5 Qf6 14. Nc4 h5 15. Ne3 O-O-O 16. b4 Ne7 17. Rb1 Be6 18. bxa5 Bxa5 19. Bc4 c6 20. Bxf4 gxf4 21. Bxe6+ fxe6 22. Nc4 Bc7 23. Qb3 Kd7 24. Qxb7 Rb8 25. Qa7 Nc8 26. Qa6 Rxb1 27. Rxb1 d5 28. Na5 Bxa5 29. Qxa5 Rd8 30. d4 exd4 31. cxd4 Ke8 32. Qc7 Ne7 33. Ne5 f3 34. Rb8 fxg2+ 35. Kg1 Rxb8 36. Qxb8+ 1-0


[Site "https://www.chess.com"]

[Event "Titled Tuesday Blitz June 21 Late 2022"]
[White "Souleidis, Georgios"]
[Black "Bortnyk, Mykola"]
[WhiteFideId "4206827"]
[BlackFideId "14120836"]
[WhiteElo "2401"]
[BlackElo "2582"]
[Result "0-1"]
[Round "02"]
[TimeControl "180+1"]
[Date "2022.06.21"]
[WhiteClock "0:00:05"]
[BlackClock "0:00:46"]

1. e4 c5 2. Be2 g6 3. d3 Bg7 4. f4 d5 5. Nf3 dxe4 6. dxe4 Qxd1+ 7. Bxd1 Nc6 8. c3 e5 9. Ba4 Bd7 10. Be3 Nf6 11. Nbd2 exf4 12. Bxf4 O-O-O 13. O-O-O Na5 14. Bxd7+ Rxd7 15. Ne5 Re7 16. Nec4 Nxc4 17. Nxc4 Ne8 18. Rd5 b6 19. Rhd1 Rxe4 20. Rd8+ Kb7 21. R1d7+ Kc6 22. Rxf7 Rxc4 23. Bg3 Bh6+ 24. Kc2 Bg5 25. b3 Bxd8 26. bxc4 Bc7 27. Bxc7 Nxc7 28. Rf2 Re8 29. Rf7 Re2+ 30. Kd3 Rxg2 31. Rxh7 Rxa2 32. Rg7 Rxh2 33. Rxg6+ Kb7 34. Rg7 a5 35. Rg8 a4 0-1


[Site "https://www.chess.com"]

[Event "Titled Tuesday Blitz June 21 Late 2022"]
[White "Stanisz, Patryk"]
[Black "Golubev, Mikhail"]
[WhiteFideId "1123106"]
[BlackFideId "14100983"]
[WhiteElo "1833"]
[BlackElo "2374"]
[Result "0-1"]
[Round "02"]
[TimeControl "180+1"]
[Date "2022.06.22"]
[WhiteClock "0:00:14"]
[BlackClock "0:01:10"]

1. d4 Nf6 2. c4 g6 3. Nc3 Bg7 4. e4 d6 5. Bd3 O-O 6. Nge2 Nc6 7. O-O Nh5 8. Be3 e5 9. d5 Ne7 10. b4 f5 11. f3 f4 12. Bf2 g5 13. c5 g4 14. Nc1 g3 15. hxg3 fxg3 16. Be3 Ng6 17. N1e2 Qh4 18. Nxg3 Nxg3 19. Re1 Nf4 20. Bxf4 exf4 21. e5 Bxe5 22. Rxe5 dxe5 23. d6 Qh1+ 24. Kf2 Qxd1 25. Rxd1 cxd6 26. Bc4+ Kg7 27. cxd6 Bd7 28. Ne4 Nxe4+ 29. fxe4 Rac8 30. Bb3 Rf6 31. Rd5 Re8 32. Rc5 0-1


[Site "https://www.chess.com"]

[Event "Titled Tuesday Blitz June 21 Late 2022"]
[White "Suleymanli, Aydin"]
[Black "Janaszak, Dawid"]
[WhiteFideId "13413937"]
[BlackFideId "1119206"]
[WhiteElo "2481"]
[BlackElo "2199"]
[Result "1-0"]
[Round "02"]
[TimeControl "180+1"]
[Date "2022.06.21"]
[WhiteClock "0:00:08"]
[BlackClock "0:00:05"]

1. e4 c5 2. Nf3 Nc6 3. Bb5 g6 4. h4 h6 5. c3 Nf6 6. d3 Bg7 7. Bf4 d6 8. Nbd2 O-O 9. a4 e5 10. Bh2 Ng4 11. Bg3 Na5 12. h5 g5 13. Nf1 f5 14. exf5 Bxf5 15. N3d2 a6 16. Bc4+ Nxc4 17. dxc4 Qd7 18. a5 Rae8 19. Qa4 Qf7 20. O-O-O Rb8 21. f3 Nf6 22. Ne3 Bh7 23. Bh2 Nxh5 24. Ne4 Bxe4 25. fxe4 b5 26. axb6 Rxb6 27. Rhf1 Qe8 28. Rxf8+ Qxf8 29. Nf5 Nf4 30. Qc2 Qf6 31. Bg1 Bf8 32. Be3 Qe6 33. g3 Ng6 34. Qa4 Ne7 35. Rf1 Nc6 36. g4 Qc8 37. Rd1 Qb7 38. Qa2 Nd8 39. b4 Nf7 40. bxc5 dxc5 41. Rd5 Rb3 42. Kc2 Rb6 43. Bc1 Rc6 44. Qb3 Qxb3+ 45. Kxb3 Rb6+ 46. Kc2 Rc6 47. Ba3 Rc7 48. Kb3 Kh7 49. Bc1 Kg6 50. Ng3 Kh7 51. Be3 Kg6 52. Rd1 Nd6 53. Ra1 Rb7+ 54. Kc2 Nxc4 55. Rxa6+ Kg7 56. Bc1 Be7 57. Nf5+ Kf7 58. Rxh6 Ke8 59. Rh7 Kf8 60. Nxe7 Rxe7 61. Rxe7 Kxe7 62. Bxg5+ Ke6 63. Kd3 Nd6 64. c4 Nb7 65. Be3 Nd6 66. Bxc5 Nf7 67. Be3 Kd6 68. c5+ Kc6 69. Kc4 Nd8 70. g5 Ne6 71. g6 Ng7 72. Bh6 Ne6 73. g7 1-0


[Site "https://www.chess.com"]

[Event "Titled Tuesday Blitz June 21 Late 2022"]
[White "Svane, Rasmus"]
[Black "Sargsyan, Anna M."]
[WhiteFideId "4657101"]
[BlackFideId "13308130"]
[WhiteElo "2674"]
[BlackElo "2271"]
[Result "1-0"]
[Round "02"]
[TimeControl "180+1"]
[Date "2022.06.21"]
[WhiteClock "0:00:13"]
[BlackClock "0:00:01"]

1. Nf3 d5 2. g3 Nf6 3. Bg2 Bf5 4. O-O e6 5. c4 c6 6. Qb3 Qb6 7. d3 Nbd7 8. cxd5 cxd5 9. Qxb6 Nxb6 10. Nc3 Be7 11. Bf4 h6 12. Nb5 O-O 13. Rfc1 g5 14. Be3 Rfc8 15. Rxc8+ Nxc8 16. Rc1 a6 17. Nbd4 Bh7 18. Rc7 Rb8 19. Nb3 Bd8 20. Rc1 Nd7 21. h4 f6 22. Nfd4 Kf7 23. hxg5 hxg5 24. f4 gxf4 25. gxf4 Nd6 26. Bh3 Nf8 27. Nc5 e5 28. Nde6 Bb6 29. Bf2 Nxe6 30. Bxe6+ Ke7 31. fxe5 fxe5 32. Bxd5 Bg8 33. Bh4+ Kf8 34. Kf1 Bxd5 35. Nd7+ Kf7 36. Nxb8 Ke6 37. Bf2 Bd8 38. a4 e4 39. b4 exd3 40. exd3 Nf5 41. Ke2 Be7 42. Bc5 Bg5 43. Rg1 Bf4 44. Rg8 Ke5 45. Nd7+ Ke6 46. Nb6 1-0


[Site "https://www.chess.com"]

[Event "Titled Tuesday Blitz June 21 Late 2022"]
[White "Svicevic, Rastko"]
[Black "Tymrakiewicz, Rafal"]
[WhiteFideId "916315"]
[BlackFideId "1108832"]
[WhiteElo "2049"]
[BlackElo "2205"]
[Result "0-1"]
[Round "02"]
[TimeControl "180+1"]
[Date "2022.06.22"]
[WhiteClock "0:00:03"]
[BlackClock "0:00:05"]

1. d4 Nf6 2. Bg5 c5 3. Bxf6 gxf6 4. d5 f5 5. Nc3 Bg7 6. e3 Na6 7. Nf3 d6 8. Be2 Nc7 9. O-O a6 10. a4 b6 11. Qd2 Rb8 12. Rad1 b5 13. axb5 axb5 14. b3 Rg8 15. Kh1 Bd7 16. e4 Bxc3 17. Qxc3 fxe4 18. Nd2 Nxd5 19. Qb2 Bf5 20. Nc4 Nf4 21. Ne3 Be6 22. Rfe1 Qc8 23. Qc1 Rg6 24. g3 Nh3 25. Rf1 c4 26. bxc4 bxc4 27. Qa1 f6 28. Nxc4 Bxc4 29. Qa4+ Kf8 30. Bxc4 Qc5 31. Rd2 Rc8 32. Bb3 e3 33. fxe3 Qxe3 34. Qa6 Re8 35. Re2 Qc5 36. Qd3 Ng5 37. Ba2 Nf7 38. Qb3 d5 39. Qb7 Ne5 40. Bxd5 Ng4 41. Bb3 Ne3 42. Qf3 Nxf1 43. Qxf1 Qc6+ 44. Kg1 Qc5+ 45. Kh1 Rg5 46. Rd2 Re5 47. Rf2 Qc6+ 48. Kg1 Re3 49. Qc1 Qc5 0-1


[Site "https://www.chess.com"]

[Event "Titled Tuesday Blitz June 21 Late 2022"]
[White "Taboas Rodriguez, Daniel"]
[Black "Sturt, Raven"]
[WhiteFideId "2208466"]
[BlackFideId "2007304"]
[WhiteElo "2429"]
[BlackElo "2398"]
[Result "1-0"]
[Round "02"]
[TimeControl "180+1"]
[Date "2022.06.22"]
[WhiteClock "0:02:05"]
[BlackClock "0:01:37"]

1. d4 d5 2. Nf3 Nf6 3. c4 c6 4. cxd5 cxd5 5. Nc3 Nc6 6. Bf4 a6 7. Rc1 Bf5 8. e3 Rc8 9. Bd3 Bxd3 10. Qxd3 e6 11. O-O Be7 12. Na4 Ne4 13. Nc5 Nb4 14. Qb3 Nxc5 15. dxc5 Rxc5 16. Rxc5 Bxc5 17. Rc1 Be7 18. a3 Nc6 19. Qxb7 Na5 20. Qxa6 Nc4 21. b3 Nd6 22. Bxd6 O-O 23. Bxe7 Qxe7 24. b4 Qf6 25. h3 Qb2 26. Rc8 g6 27. Rxf8+ Kxf8 28. Qd6+ Kg8 29. Qb8+ 1-0


[Site "https://www.chess.com"]

[Event "Titled Tuesday Blitz June 21 Late 2022"]
[White "Tanenbaum, Zachary"]
[Black "Prieto Aranguren, Alain"]
[WhiteFideId "2060850"]
[BlackFideId "2268906"]
[WhiteElo "2175"]
[BlackElo "2224"]
[Result "1-0"]
[Round "02"]
[TimeControl "180+1"]
[Date "2022.06.22"]
[WhiteClock "0:00:02"]
[BlackClock "0:00:02"]

1. e4 c6 2. d4 d5 3. exd5 cxd5 4. Bd3 Nc6 5. c3 g6 6. Bf4 Bf5 7. Bxf5 gxf5 8. Nf3 Nf6 9. O-O Ne4 10. Nbd2 e6 11. Nxe4 fxe4 12. Ne5 Nxe5 13. Bxe5 Rg8 14. f3 Qg5 15. Qa4+ Kd8 16. Rf2 exf3 17. Bg3 h5 18. Rxf3 h4 19. Rxf7 Be7 20. Rf3 Rg7 21. Re1 hxg3 22. Rxg3 Qd2 23. Rd1 Qh6 24. Rxg7 Qxg7 25. c4 Rc8 26. cxd5 exd5 27. Qxa7 Bd6 28. Qa5+ Bc7 29. Qxd5+ Qd7 30. Qh5 Bd6 31. Qh8+ Qe8 32. Qf6+ Qe7 33. Qxe7+ Kxe7 34. Rd2 Bf4 35. Re2+ Kd6 36. g3 Bg5 37. h4 Bf6 38. Rd2 Kd5 39. Kg2 Bxd4 40. Kh3 Ke4 41. Re2+ Kf3 42. Re7 b5 43. Rf7+ Ke4 44. h5 Be5 45. Kh4 Rc2 46. g4 Rxb2 47. Kg5 Rxa2 48. h6 b4 49. Re7 b3 50. h7 Rh2 51. Kg6 1-0


[Site "https://www.chess.com"]

[Event "Titled Tuesday Blitz June 21 Late 2022"]
[White "Tarigan, Gilbert Elroy"]
[Black "Sanchez, Robert"]
[WhiteFideId "7108133"]
[BlackFideId "2034360"]
[WhiteElo "1908"]
[BlackElo "2017"]
[Result "1-0"]
[Round "02"]
[TimeControl "180+1"]
[Date "2022.06.22"]
[WhiteClock "0:00:07"]
[BlackClock "0:00:09"]

1. d4 d5 2. Bf4 Nf6 3. e3 c6 4. Nf3 h6 5. Nbd2 Nh5 6. Be5 Nd7 7. h3 Nxe5 8. dxe5 g6 9. c4 e6 10. Bd3 Be7 11. Qc2 O-O 12. c5 Bd7 13. O-O b6 14. Nb3 Ng7 15. Nfd4 Qc7 16. f4 Nf5 17. Bxf5 exf5 18. Rac1 Rac8 19. Qd2 f6 20. e6 Be8 21. Rc2 Qb7 22. Rfc1 Kh7 23. Rc3 Rg8 24. Qc2 b5 25. Na5 Qc7 26. b4 g5 27. Qf2 g4 28. Nxf5 gxh3 29. g3 Bg6 30. Nd4 Be4 31. Kh2 f5 32. Naxc6 Bf6 33. Rg1 Rg7 34. Ne5 Rcg8 35. Nxb5 Qb8 36. a4 Bxe5 37. fxe5 Qxe5 38. Qf4 Qxe6 39. Nd4 Qf6 40. c6 Rg4 41. Qf2 h5 42. c7 h4 43. c8=Q hxg3+ 44. Rxg3 Rxg3 45. Rc7+ Kh8 46. Qxg3 1-0


[Site "https://www.chess.com"]

[Event "Titled Tuesday Blitz June 21 Late 2022"]
[White "Terry, Renato"]
[Black "Fishbein, Alexander"]
[WhiteFideId "3803457"]
[BlackFideId "2000377"]
[WhiteElo "2577"]
[BlackElo "2442"]
[Result "1-0"]
[Round "02"]
[TimeControl "180+1"]
[Date "2022.06.21"]
[WhiteClock "0:01:03"]
[BlackClock "0:00:38"]

1. d4 Nf6 2. Bg5 g6 3. Nc3 d5 4. Qd2 h6 5. Bf4 Bg7 6. O-O-O c5 7. dxc5 g5 8. Bg3 Nc6 9. Nb5 O-O 10. Nc7 Ne4 11. Qxd5 Nxg3 12. Qxd8 Rxd8 13. Rxd8+ Nxd8 14. hxg3 Rb8 15. e3 b6 16. cxb6 Rxb6 17. c3 e6 18. Nb5 Ba6 19. a4 Nc6 20. Nf3 g4 21. Nfd4 Ne5 22. Be2 Bb7 23. f3 a6 24. Na3 Nd7 25. Nc4 Bxd4 26. exd4 Rc6 27. Na5 Rc7 28. Nxb7 Rxb7 29. Bxa6 Ra7 30. Bb5 Nb6 31. Rxh6 gxf3 32. gxf3 Kg7 33. Rh4 Nc8 34. b4 Ne7 35. Kb2 Nf5 36. Rh1 Kf6 37. g4 Ne3 38. Re1 Nd5 39. Kb3 Rc7 40. c4 Nf4 41. c5 Rc8 42. a5 1-0


[Site "https://www.chess.com"]

[Event "Titled Tuesday Blitz June 21 Late 2022"]
[White "Titichoca Daza, Daniel"]
[Black "Jiganchine, Roman"]
[WhiteFideId "3309550"]
[BlackFideId "2603667"]
[WhiteElo "1912"]
[BlackElo "2209"]
[Result "1/2-1/2"]
[Round "02"]
[TimeControl "180+1"]
[Date "2022.06.22"]
[WhiteClock "0:00:08"]
[BlackClock "0:00:20"]

1. d4 d5 2. Nf3 Nf6 3. Bf4 c5 4. e3 e6 5. c3 Nc6 6. Nbd2 Bd6 7. Bg3 O-O 8. Bd3 Qe7 9. Ne5 Nd7 10. Nxd7 Qxd7 11. Nf3 g6 12. O-O Re8 13. e4 Bxg3 14. hxg3 cxd4 15. cxd4 Nb4 16. Ne5 Qd8 17. Bb5 Rf8 18. Qb3 a5 19. a3 Na6 20. exd5 Qxd5 21. Qxd5 exd5 22. Rac1 Be6 23. Rc3 Rac8 24. Rfc1 Rxc3 25. Rxc3 f6 26. Nd3 Rc8 27. Rxc8+ Bxc8 28. Bxa6 bxa6 29. Kf1 Kf7 30. Ke2 Ke7 31. Kd2 Kd6 32. Kc3 Bd7 33. Nc5 Bb5 34. Nb3 Bf1 35. Nxa5 Bxg2 36. Nb7+ Kc6 37. Nc5 Bf1 38. b4 h5 39. a4 g5 40. Kd2 h4 41. Ke1 Bc4 42. gxh4 gxh4 43. f3 f5 44. Kf2 Kb6 45. f4 a5 46. b5 Bxb5 47. axb5 Kxb5 48. Kg2 a4 49. Nxa4 Kxa4 50. Kh3 Kb4 51. Kxh4 Kc4 52. Kg5 Kxd4 53. Kxf5 Ke3 54. Ke5 d4 55. f5 d3 56. f6 d2 57. f7 d1=Q 58. f8=Q Qd4+ 59. Ke6 Qe4+ 60. Kd7 Qd4+ 61. Kc7 Qc3+ 62. Kd7 Qd4+ 63. Ke6 Qe4+ 64. Kd7 Qd4+ 1/2-1/2


[Site "https://www.chess.com"]

[Event "Titled Tuesday Blitz June 21 Late 2022"]
[White "Tologon tegin, Semetei"]
[Black "Wartiovaara, Oliver"]
[WhiteFideId "13800574"]
[BlackFideId "513024"]
[WhiteElo "2174"]
[BlackElo "1971"]
[Result "1-0"]
[Round "02"]
[TimeControl "180+1"]
[Date "2022.06.22"]
[WhiteClock "0:00:24"]
[BlackClock "0:00:03"]

1. e4 c5 2. Nc3 d6 3. g3 g6 4. Bg2 Bg7 5. d3 Nc6 6. f4 e6 7. Nf3 Nge7 8. O-O O-O 9. h3 b6 10. g4 f5 11. Qe1 Qd7 12. Bd2 Bb7 13. Qh4 Nd4 14. Nxd4 cxd4 15. Ne2 Rac8 16. Rab1 Rxc2 17. Rfd1 fxe4 18. dxe4 e5 19. f5 gxf5 20. gxf5 Nxf5 21. exf5 Bxg2 22. Kxg2 Qxf5 23. Qg4 Qf2+ 24. Kh1 d3 25. Ng3 Rxd2 26. Rxd2 Qxd2 27. Nf5 Rxf5 28. Qxf5 Qe2 29. Rf1 h6 30. Qf7+ Kh7 31. Rg1 Qe4+ 32. Kh2 Qe2+ 33. Rg2 Qxg2+ 34. Kxg2 d2 35. Qf5+ Kh8 1-0


[Site "https://www.chess.com"]

[Event "Titled Tuesday Blitz June 21 Late 2022"]
[White "Vidonyak, Roman"]
[Black "Luo, Terry"]
[WhiteFideId "14100622"]
[BlackFideId "30931045"]
[WhiteElo "2358"]
[BlackElo "2024"]
[Result "0-1"]
[Round "02"]
[TimeControl "180+1"]
[Date "2022.06.22"]
[WhiteClock "0:00:22"]
[BlackClock "0:00:25"]

1. d4 Nf6 2. c4 e6 3. Nc3 d5 4. cxd5 exd5 5. Bg5 Be6 6. e3 c6 7. Bd3 Bd6 8. Qc2 Nbd7 9. Nf3 a6 10. O-O Qc7 11. Rfb1 h6 12. Bh4 O-O 13. b4 Nh5 14. a4 Ndf6 15. b5 cxb5 16. axb5 Rfc8 17. Rc1 a5 18. Qb3 Ne4 19. b6 Qb8 20. Nb5 Rxc1+ 21. Rxc1 a4 22. Qb1 a3 23. Qa2 g5 24. Nxd6 Qxd6 25. Bg3 Nhxg3 26. hxg3 Qxb6 27. Rb1 Qc7 28. Bxe4 dxe4 29. d5 exf3 30. dxe6 fxe6 31. Qxe6+ Qf7 32. Qxf7+ Kxf7 33. Rxb7+ Ke6 34. gxf3 a2 0-1


[Site "https://www.chess.com"]

[Event "Titled Tuesday Blitz June 21 Late 2022"]
[White "Vifleemskaia, Svetlana"]
[Black "Sorensen, Hampus"]
[WhiteFideId "4129490"]
[BlackFideId "8703884"]
[WhiteElo "1929"]
[BlackElo "2262"]
[Result "0-1"]
[Round "02"]
[TimeControl "180+1"]
[Date "2022.06.22"]
[WhiteClock "0:01:47"]
[BlackClock "0:01:48"]

1. d4 Nf6 2. c4 g6 3. Nc3 d5 4. cxd5 Nxd5 5. Bd2 Bg7 6. e4 Nxc3 7. Bxc3 O-O 8. Qd2 b6 9. Nf3 Bb7 10. Bd3 Nd7 11. O-O e6 12. Rad1 c5 13. Bb1 cxd4 14. Bxd4 e5 15. Bc3 Nc5 16. Qxd8 Raxd8 17. Bxe5 Nxe4 18. Bxg7 Kxg7 19. h3 Nc5 20. Ne5 Rfe8 21. Nc4 Ba6 22. Rxd8 Rxd8 23. Rc1 Bxc4 0-1


[Site "https://www.chess.com"]

[Event "Titled Tuesday Blitz June 21 Late 2022"]
[White "Vivas Zamora, Fabian Ernesto"]
[Black "Johnson, Ben"]
[WhiteFideId "3902480"]
[BlackFideId "2010917"]
[WhiteElo "2014"]
[BlackElo "2152"]
[Result "1-0"]
[Round "02"]
[TimeControl "180+1"]
[Date "2022.06.22"]
[WhiteClock "0:00:11"]
[BlackClock "0:00:03"]

1. e4 c5 2. Nf3 Nc6 3. d4 cxd4 4. Nxd4 Nf6 5. Nc3 e5 6. Ndb5 d6 7. Bg5 a6 8. Na3 b5 9. Bxf6 gxf6 10. Nd5 Bg7 11. g3 f5 12. Bg2 fxe4 13. Bxe4 O-O 14. Ne3 Qc7 15. Qh5 h6 16. g4 f6 17. Qg6 Rd8 18. Nd5 Qf7 19. Qh7+ Kf8 20. O-O-O Be6 21. h4 Nd4 22. Ne3 d5 23. Bg6 Qg8 24. Qxg8+ Kxg8 25. c3 Ne2+ 26. Kc2 Nf4 27. Bf5 d4 28. Bxe6+ Nxe6 29. Nf5 Rab8 30. Ne7+ Kf7 31. Nc6 dxc3 32. Nxd8+ Nxd8 33. bxc3 Ne6 34. Rd7+ Kg8 35. Rhd1 Nc5 36. Rd8+ Rxd8 37. Rxd8+ Kf7 38. f3 Bf8 39. Nb1 Ne6 40. Ra8 h5 41. Rxa6 Nf4 42. Nd2 Bc5 43. Ne4 Be7 44. gxh5 Nxh5 45. Rb6 Ng7 46. Rxb5 Nf5 47. h5 Ke6 48. a4 Bd8 49. a5 1-0


[Site "https://www.chess.com"]

[Event "Titled Tuesday Blitz June 21 Late 2022"]
[White "Volkov, Maksim"]
[Black "Xiong, Jeffery"]
[WhiteFideId "54123070"]
[BlackFideId "2047640"]
[WhiteElo "2155"]
[BlackElo "2714"]
[Result "0-1"]
[Round "02"]
[TimeControl "180+1"]
[Date "2022.06.21"]
[WhiteClock "0:00:06"]
[BlackClock "0:00:14"]

1. d4 Nf6 2. c4 c5 3. d5 b5 4. cxb5 a6 5. bxa6 g6 6. Nc3 Bxa6 7. Nf3 Bg7 8. e4 Bxf1 9. Kxf1 d6 10. g3 Nbd7 11. Kg2 O-O 12. a4 Qb6 13. Ra3 Rfb8 14. Re1 Ng4 15. Qe2 Qb4 16. Nb5 Rxa4 17. Bd2 Qc4 18. Qxc4 Rxc4 19. b3 Rc2 20. Na7 Ra8 21. h3 Nge5 22. Nxe5 Nxe5 23. Be3 Nd3 24. Rd1 Rc3 25. Bd2 Rc2 26. Be3 Nb2 27. Rc1 Rxc1 28. Bxc1 Nd3 29. Be3 f5 30. f3 fxe4 31. fxe4 Ne1+ 32. Kf2 Nc2 33. Ra4 Nxe3 34. Kxe3 Rb8 35. Nc6 Rxb3+ 36. Kf4 Bf6 37. Ra7 Kf8 38. Ra8+ Kg7 39. Ra7 h5 40. Nxe7 Be5+ 41. Kg5 Bf6+ 42. Kf4 Be5+ 43. Kg5 Rxg3+ 44. Kh4 Kf8 45. Nc6 Bf4 46. Nd8 Ke8 47. Ne6 Be5 48. Ra8+ Kd7 49. Rd8+ Ke7 50. Rg8 Rg1 51. Ng5 Bg3# 0-1


[Site "https://www.chess.com"]

[Event "Titled Tuesday Blitz June 21 Late 2022"]
[White "Vrbljanac, Aleksandar"]
[Black "Marin Masis, Jose Esteban"]
[WhiteFideId "932817"]
[BlackFideId "6508146"]
[WhiteElo "2309"]
[BlackElo "1710"]
[Result "1-0"]
[Round "02"]
[TimeControl "180+1"]
[Date "2022.06.22"]
[WhiteClock "0:00:08"]
[BlackClock "0:00:15"]

1. e4 c5 2. Nf3 Nc6 3. Bb5 d6 4. O-O Bd7 5. Re1 g6 6. c3 a6 7. Bf1 Bg7 8. d4 cxd4 9. cxd4 e6 10. Nc3 Nge7 11. Be3 O-O 12. Qd2 Re8 13. Rad1 Rc8 14. Bh6 Bh8 15. Bf4 e5 16. dxe5 dxe5 17. Qxd7 Qxd7 18. Rxd7 exf4 19. Rxb7 Rb8 20. Bxa6 Nb4 21. Rxb8 Rxb8 22. Bc4 Rc8 23. Nd2 Nc2 24. Rc1 Nd4 25. Kf1 Bf6 26. Bb3 Bg5 27. f3 Nec6 28. Nd5 Rb8 29. Rc3 Na5 30. Rd3 Nac6 31. Ke1 Bh4+ 32. Kd1 Bd8 33. Nxf4 Bg5 34. Nd5 Bxd2 35. Kxd2 Kg7 36. Kc3 Nb5+ 37. Kd2 Ne5 38. Re3 Nd6 39. Kc1 Rc8+ 40. Rc3 Rb8 41. Bc2 Ndc4 42. b3 Na3 43. Kb2 Nb5 44. Rc5 Nd4 45. Bd1 Nd7 46. Rc7 Ne5 47. Kc3 Nb5+ 48. Kb2 Nxc7 49. Nxc7 Rc8 50. Nd5 Rd8 51. Bc2 Nc6 52. Kc3 Kf8 53. a4 Ne7 54. Ne3 Rc8+ 55. Nc4 Nc6 56. Bd3 Ne5 57. Be2 Nxc4 58. Bxc4 Ke7 59. a5 Kd6 60. a6 Kc5 61. Bxf7 Rc7 62. Bc4 Ra7 63. b4+ Kc6 64. Kb3 Kb6 65. f4 h6 66. e5 g5 67. f5 h5 68. f6 g4 69. e6 h4 70. f7 h3 71. gxh3 Ra8 72. e7 g3 73. e8=Q 1-0


[Site "https://www.chess.com"]